 Dungeon Crawl Stone Soup version 0.17-a0-128-g90bd1c5 (webtiles) character file.

271 Zugr the Magician (level 6, -2/32 HPs)
             Began as a Gargoyle Wizard on Mar 23, 2015.
             Slain by a crocodile (8 damage)
             ... in a sewer.
             The game lasted 00:18:27 (3733 turns).

Zugr the Magician (Gargoyle Wizard)                 Turns: 3733, Time: 00:18:28

Health: -2/32      AC:  6    Str: 11    XL:     6   Next: 23%
Magic:  8/17       EV: 11    Int: 20    God:
Gold:   141        SH:  0    Dex:  8    Spells: 3 memorised, 9 levels left

rFire  . . .     SeeInvis .     e - +0 dagger
rCold  . . .     Clarity  .     a - +0 robe
rNeg   + . .     SustAb   .     (no shield)
rPois  ∞         Gourm    .     b - +0 hat
rElec  +         Spirit   .     (no cloak)
rCorr  .         Warding  .     (no gloves)
rMut   .         Rnd*Tele +     (no boots)
MR     .....                    (no amulet)
Stlth  ++........               (no ring)
                                r - ring of teleportation (curse)

@: repel missiles, not resistant to hostile enchantments, unstealthy
A: negative energy resistance 1, electricity resistance, unbreathing,
petrification resistance, rot immunity, AC +4
a: Evoke Teleportation


You were in a sewer.
You were hungry.

You visited 1 branch of the dungeon, and saw 3 of its levels.
You also visited: Sewer.

You collected 141 gold pieces.

Inventory:

Hand weapons
 e - a +0 dagger (weapon)
Armour
 a - a +0 robe (worn)
 b - a +0 hat (worn)
 k - a +0 chain mail
Jewellery
 r - a cursed ring of teleportation (left hand)
Scrolls
 g - a scroll of magic mapping
 h - 3 scrolls of amnesia
 j - a scroll of enchant armour {unknown}
Potions
 i - 2 potions of flight
 m - a potion of mutation {unknown}
 n - 2 potions of curing
 o - a potion of poison {unknown}
 p - 2 potions of might
 q - a potion of invisibility {unknown}
Books
 c - a book of Minor Magic

   Spells                             Type                      Level
   a - Magic Dart                     Conjuration                  1
   b - Blink                          Translocation                2
   c - Call Imp                       Summoning                    2
   d - Repel Missiles                 Charms/Air                   2
   e - Slow                           Hexes                        2
   f - Conjure Flame                  Conjuration/Fire             3
   g - Mephitic Cloud                 Conjuration/Poison/Air       3
Comestibles
 d - 4 bread rations
 f - a meat ration


   Skills:
 - Level 1.5 Dodging
 - Level 2.1 Stealth
 + Level 5.0 Spellcasting
 + Level 4.5 Conjurations
   Level 0.8 Summonings
   Level 0.8 Translocations


You had 9 spell levels left.
You knew the following spells:

 Your Spells              Type           Power        Failure   Level  Hunger
a - Magic Dart            Conj           ###.         1%          1    None
b - Mephitic Cloud        Conj/Pois/Air  ##......     21%         3    ##.....
c - Repel Missiles        Chrm/Air       #.....       21%         2    None


Dungeon Overview and Level Annotations

Branches:
Dungeon (3/15)

Altars:
Okawaru
Trog


Innate Abilities, Weirdness & Mutations

You are resistant to torment.
You are immune to poison.
Your stone body is very resilient (AC +4).
You resist negative energy.
You are resistant to electric shocks.
You can survive without breathing.
You are immune to petrification.
You are immune to rotting.


Message History

You closely miss the crocodile.
The crocodile is heavily wounded.
The crocodile closely misses you.
You barely miss the crocodile.
The crocodile is heavily wounded.
The crocodile bites you!
Your magical contamination has completely faded away.
You hit the crocodile but do no damage.
The crocodile is heavily wounded.
The crocodile bites you!
* * * LOW HITPOINT WARNING * * *
Drink which item? (? for menu, Esc to quit)
Okay, then.
Read which item? (? for menu, Esc to quit)
As you read the scroll labeled PHOUMU KOTAE, it crumbles to dust.
You feel aware of your surroundings.
It was a scroll of magic mapping.
The crocodile closely misses you. The crocodile closely misses you.
The crocodile bites you!
You die...

*###### #.#
##.....## #.#
#...≈...#* #.#
...≈≈≈...#######.#
∩.≈≈≈≈≈..........#
...≈≈≈...#######.#
#...≈...## #.#
##.....## #.#
*###### ###@###
##.t...##
#.......#
#.......#
#.......#
#.......#
#..$/$..#
##$?:($## #######


You could see a crocodile.

Vanquished Creatures
  A giant frog (D:3)
  A giant frog skeleton (D:3)
  7 adders
  2 worms
  4 giant geckos
  An orc (D:3)
  18 hobgoblins
  5 jackals
  12 kobolds
  2 quokkas (D:3)
  A ball python (D:1)
  12 bats
  6 giant cockroaches
  6 giant newts
  12 goblins
  4 rats
94 creatures vanquished.

Notes
Turn   | Place    | Note
--------------------------------------------------------------
     0 | D:1      | Zugr, the Gargoyle Wizard, began the quest for the Orb.
     0 | D:1      | Reached XP level 1. HP: 10/10 MP: 4/4
   233 | D:1      | Reached XP level 2. HP: 3/15 MP: 1/6
   798 | D:1      | Reached XP level 3. HP: 19/19 MP: 6/8
  1433 | D:2      | Reached XP level 4. HP: 20/24 MP: 5/10
  1498 | D:2      | Learned a level 3 spell: Mephitic Cloud
  1501 | D:2      | Learned a level 2 spell: Repel Missiles
  1638 | D:2      | Reached skill level 4 in Spellcasting
  3012 | D:3      | Found a bloodstained altar of Trog.
  3031 | D:3      | Reached XP level 5. HP: 23/28 MP: 1/13
  3090 | D:3      | Noticed a giant frog
  3101 | D:3      | Killed a giant frog
  3300 | D:3      | Reached XP level 6. HP: 26/32 MP: 12/16
  3453 | D:3      | Found an iron altar of Okawaru.
  3553 | D:3      | Found a glowing drain.
  3579 | D:3      | Reached skill level 5 in Spellcasting
  3593 | Sewer    | Entered a sewer
  3733 | Sewer    | Slain by a crocodile

Action                   |  1- 3 |  4- 6 || total
-------------------------+-------+-------++-------
Melee: Short sword       |    25 |       ||    25
       Unarmed           |     3 |     6 ||     9
       Dagger            |     6 |    52 ||    58
 Cast: Magic Dart        |    89 |   155 ||   244
       Repel Missiles    |       |     1 ||     1
  Use: Scroll            |     3 |     4 ||     7
  Eat: Chunk             |     1 |     7 ||     8
